 Dungeon Crawl Stone Soup version 0.19.0-22-gd96e5fe (webtiles) character file.

5464 Exaltedone87 the Cleaver (level 10, -7/79 HPs)
             Began as a Demonspawn Fighter on Nov 18, 2016.
             Mangled by dang3rdave's ghost (10 damage)
             ... on level 9 of the Dungeon.
             The game lasted 00:19:04 (8693 turns).

Exaltedone87 the Cleaver (Demonspawn Fighter)       Turns: 8693, Time: 00:19:05

Health: -7/79      AC: 22    Str: 19    XL:     10   Next: 41%
Magic:  9/10       EV:  8    Int:  9    God:
Gold:   534        SH: 10    Dex: 14    Spells: 0 memorised, 9 levels left

rFire  + . .     SeeInvis .     a - +1 war axe
rCold  + . .     Gourm    .     J - +1 chain mail {rF+}
rNeg   . . .     Faith    .     c - +0 shield
rPois  .         Spirit   .     B - +2 helmet
rElec  .         Reflect  .     v - +1 cloak
rCorr  +         Harm     .     o - +0 pair of gloves
MR     +....                    (no boots)
Stlth  ..........               (no amulet)
                                z - ring of protection from magic
                                q - ring of resist corrosion

@: very slightly contaminated, hasted, very quick
A: hooves 2, icy blue scales 3, demonic guardian 1, nightstalker 2
a: no special abilities


You were on level 9 of the Dungeon.
You were hungry.

You visited 2 branches of the dungeon, and saw 12 of its levels.

You collected 534 gold pieces.

Inventory:

Hand Weapons
 a - a +1 war axe (weapon)
 y - a +2 antimagic flail
 K - a +0 whip of venom
Missiles
 w - a throwing net (quivered)
Armour
 c - a +0 shield (worn)
 d - a +0 large shield
 o - a +0 pair of gloves (worn)
 v - a +1 cloak (worn)
 B - a +2 helmet (worn)
 J - a +1 chain mail of fire resistance (worn)
Jewellery
 h - a +5 ring of intelligence
 q - a ring of resist corrosion (left hand)
 z - a ring of protection from magic (right hand)
Scrolls
 e - 2 scrolls of identify
 i - 8 scrolls of remove curse
 j - 2 scrolls of amnesia
 k - 2 scrolls of fog {unknown}
 m - a scroll of teleportation
 r - 2 scrolls of enchant armour
 t - a scroll of enchant weapon
 C - a scroll of recharging
Potions
 b - a potion of invisibility
 l - a potion of flight
 n - a potion of resistance
 u - 3 potions of curing
 x - a potion of agility
 D - a potion of mutation
Comestibles
 f - 6 bread rations
 g - 11 fruits
 p - 9 slices of pizza
 s - a beef jerky
 E - a chunk of flesh
 F - 4 meat rations


   Skills:
 + Level 7.2 Fighting
 * Level 8.6 Axes
 + Level 6.5 Armour
 + Level 5.5 Dodging
 + Level 6.1 Shields


You had 9 spell levels left.
You didn't know any spells.

Dungeon Overview and Level Annotations

Branches:
Dungeon (11/15)            Temple (1/1) D:4
   Lair: D:8-11         Orc: D:9-12

Altars:
Ashenzari
Cheibriados
Dithmenos
Elyvilon
Fedhas
Gozag
Hepliaklqana
Kikubaaqudgha
Makhleb
Nemelex Xobeh
Okawaru
Qazlal
Ru
Sif Muna
Trog
Uskayaw
Vehumet
Xom
Yredelemnul
Zin
The Shining One

Shops:
D:7 =

Annotations:
D:9 dang3rdave's ghost, novice GrBe


Innate Abilities, Weirdness & Mutations

You have hoof-like feet.
You are completely covered in icy blue scales. (AC +4, rC+)
A weak demonic guardian rushes to your aid.
You are significantly more attuned to the shadows.


Message History

Your kick misses dang3rdave's ghost.
Dang3rdave's ghost is almost destroyed.
You block dang3rdave's ghost's attack.
Your shield and chain mail prevent you from hitting dang3rdave's ghost.
You kick dang3rdave's ghost, but do no damage.
Dang3rdave's ghost is almost destroyed.
You block dang3rdave's ghost's attack.
You barely miss dang3rdave's ghost.
Dang3rdave's ghost is almost destroyed.
Dang3rdave's ghost hits you!
* * * LOW HITPOINT WARNING * * *
You convulse!
* * * LOW HITPOINT WARNING * * *
You hit dang3rdave's ghost but do no damage.
You kick dang3rdave's ghost.
Dang3rdave's ghost is almost destroyed.
You hit dang3rdave's ghost.
Dang3rdave's ghost is almost destroyed.
Dang3rdave's ghost hits you!
You die...

##.# ### #..
...###.#
.......##
.....W..##
....)@...##
#...##....##
# ...
###...# ##
.. ##..##
##. . ##..##
##.. ##..##
#... ##..##
##...
##..###....
##..#.....


You could see dang3rdave's ghost.

Vanquished Creatures
  The ghost of 0nlyNaCj the Thaumaturge, a novice NaCj of Vehumet (D:8)
  Pikel (D:4)
  A hornet (D:8)
  A hippogriff (D:7)
  An ice beast (D:8)
  2 orc warriors (D:8)
  2 black bears
  A necrophage (D:8)
  4 phantoms
  6 centaurs
  5 ogres
  An elf zombie (D:6)
  3 bullfrogs
  5 elf skeletons (D:6)
  4 killer bees (D:7)
  3 scorpions
  4 wights (D:7)
  A howler monkey (D:8)
  3 crimson imps
  2 centaur zombies
  A bullfrog zombie (D:7)
  2 human zombies (D:6)
  2 hounds
  7 orc priests
  A bullfrog skeleton (D:6)
  2 human skeletons (D:6)
  5 iguanas
  A jelly (D:7)
  8 orc wizards
  Ijyb (D:3)
  3 worker ants
  A hound skeleton (D:4)
  A worker ant zombie (D:7)
  2 howler monkey skeletons
  6 adders
  6 gnolls
  A shadow imp (D:8)
  An ooze (D:1)
  An adder skeleton (D:4)
  5 worms
  4 leopard geckos
  28 orcs
  6 bats
  3 giant cockroaches
  3 goblins (D:2)
  9 hobgoblins
  15 jackals
  5 kobolds
  2 quokkas
  5 frilled lizards
  A quokka skeleton (D:7)
  6 rats
195 creatures vanquished.

Vanquished Creatures (collateral kills)
  An ogre (D:5)
  2 centaurs
  An elf skeleton (D:6)
  A crimson imp (D:6)
  A hound (D:6)
  An orc wizard (D:9)
  An iguana (D:5)
  An adder (D:4)
  A gnoll (D:4)
  2 orcs (D:9)
  A giant cockroach (D:4)
13 creatures vanquished.

Vanquished Creatures (others)
  A slave (D:4)
  A scorpion (D:4)
  A worker ant (D:4)
3 creatures vanquished.

Grand Total: 211 creatures vanquished

Notes
Turn   | Place    | Note
-------+----------+-------------------------------------------
     0 | D:1      | Exaltedone87 the Demonspawn Fighter began the quest for the Orb.
     0 | D:1      | Reached XP level 1. HP: 18/18 MP: 1/1
   153 | D:1      | Reached skill level 2 in Axes
   156 | D:1      | Gained mutation: You are slightly more attuned to the shadows. [demonic ancestry]
   156 | D:1      | Reached XP level 2. HP: 21/24 MP: 2/2
   201 | D:1      | Found a glowing golden altar of the Shining One.
   742 | D:2      | Gained mutation: A weak demonic guardian rushes to your aid. [demonic ancestry]
   742 | D:2      | Reached XP level 3. HP: 17/29 MP: 3/3
  1018 | D:2      | Reached skill level 1 in Dodging
  1462 | D:2      | Gained mutation: You are partially covered in icy blue scales. (AC +2) [demonic ancestry]
  1462 | D:2      | Reached XP level 4. HP: 35/35 MP: 4/4
  2466 | D:3      | Noticed Ijyb
  2478 | D:3      | Killed Ijyb
  2802 | D:4      | Gained mutation: You are mostly covered in icy blue scales. (AC +3) [demonic ancestry]
  2802 | D:4      | Reached XP level 5. HP: 28/41 MP: 5/5
  2928 | D:4      | Reached skill level 3 in Axes
  2954 | D:4      | Found a staircase to the Ecumenical Temple.
  2965 | Temple   | Entered the Ecumenical Temple
  3474 | D:4      | Gained mutation: You are significantly more attuned to the shadows. [demonic ancestry]
  3474 | D:4      | Reached XP level 6. HP: 15/48 MP: 6/6
  3780 | D:4      | Noticed a slave
  3781 | D:4      | Noticed a slave
  3783 | D:4      | Noticed Pikel
  3783 | D:4      | Noticed a slave
  3783 | D:4      | Noticed a slave
  3846 | D:4      | Killed Pikel
  3846 | D:4      | Reached skill level 4 in Axes
  3846 | D:4      | Gained mutation: You have large cloven feet. [demonic ancestry]
  3846 | D:4      | Reached XP level 7. HP: 33/55 MP: 7/7
  4165 | D:5      | Entered Level 5 of the Dungeon
  4591 | D:5      | Found a white marble altar of Elyvilon.
  4625 | D:5      | You fall through a shaft!
  4681 | D:6      | Gained mutation: You have hoof-like feet. [demonic ancestry]
  4681 | D:6      | Reached XP level 8. HP: 58/61 MP: 8/8
  4712 | D:6      | Reached skill level 5 in Axes
  4909 | D:6      | Reached skill level 5 in Fighting
  5253 | D:6      | Reached skill level 5 in Armour
  5256 | D:6      | Reached skill level 6 in Axes
  5305 | D:6      | Reached skill level 5 in Shields
  5575 | D:6      | Reached XP level 9. HP: 65/69 MP: 9/9
  6271 | D:7      | Found Cituaz's Jewellery Boutique.
  6391 | D:7      | Reached skill level 7 in Axes
  7348 | D:8      | Noticed 0nlyNaCj's ghost (novice NaCj)
  7386 | D:8      | Killed 0nlyNaCj's ghost
  7386 | D:8      | Reached skill level 8 in Axes
  7386 | D:8      | Reached skill level 5 in Dodging
  7386 | D:8      | Gained mutation: You are completely covered in icy blue scales. (AC +4, rC+) [demonic ancestry]
  7386 | D:8      | Reached XP level 10. HP: 26/77 MP: 10/10
  8260 | D:8      | You fall through a shaft for 3 floors!
  8263 | D:10     | Entered Level 10 of the Dungeon
  8645 | D:9      | Noticed dang3rdave's ghost (novice GrBe)
  8691 | D:9      | HP: 3/79 [dang3rdave's ghost (9)]
  8693 | D:9      | Mangled by dang3rdave's ghost

Skill      XL: |  1  2  3  4  5  6  7  8  9 10 |
---------------+-------------------------------+-----
Axes           | 2 3 4 6 8 |  8.6
Shields        | 3 4 5 6 |  6.1
Armour         | 3 4 5 6 |  6.5
Dodging        | 1 2 3 4 5 |  5.5
Fighting       | 4 5 6 7 |  7.2

Action                   |  1- 3 |  4- 6 |  7- 9 | 10-12 || total
-------------------------+-------+-------+-------+-------++-------
Melee: War axe           |   139 |   213 |   490 |   170 ||  1012
       Kick              |       |       |   164 |    60 ||   224
  Use: Scroll            |     5 |     1 |    12 |     7 ||    25
       Potion            |     1 |     1 |     2 |     2 ||     6
 Stab: Distracted        |       |       |     4 |       ||     4
       Invisible         |       |       |       |     7 ||     7
  Eat: Chunk             |     2 |     5 |     6 |     2 ||    15
       Meat ration       |       |     1 |     1 |       ||     2
       Pizza             |       |       |       |     1 ||     1
Armor: Scale mail        |    10 |       |       |       ||    10
       Chain mail        |    60 |   149 |   308 |    75 ||   592
Dodge: Dodged            |    30 |    33 |   142 |    48 ||   253
Block: Shield            |    70 |   101 |   250 |    77 ||   498
